 Dungeon Crawl Stone Soup version 0.30-a0-339-g89bb51ec76 (webtiles) character file.

Game seed: 4370386681137245175

1606 HoaS the Skirmisher (level 8, -1/44 HPs)
             Began as a Tengu Hunter on Oct 31, 2022.
             Slain by a hornet (3 damage)
             ... on level 10 of the Dungeon.
             The game lasted 00:13:53 (5853 turns).

HoaS the Skirmisher (Tengu Hunter)                  Turns: 5853, Time: 00:13:53

Health: -1/44      AC:  8    Str: 18    XL:     8   Next: 94%
Magic:  9/9        EV: 15    Int:  9    God:
Gold:   288        SH:  5    Dex: 20    Spells: 7/7 levels left

rFire   + . .      SeeInvis .    a - +1 shortbow
rCold   . . .      Faith    .    (shield currently unavailable)
rNeg    . . .      Spirit   .    p - +1 steam dragon scales
rPois   .          Reflect  +    (helmet restricted)
rElec   .          Harm     .    g - +0 cloak
rCorr   .          Rampage  .    n - +0 pair of gloves
Will    .....                    (boots unavailable)
Stlth   ++........               l - amulet of reflection
HPRegen 0.27/turn                m - ring of protection from fire
MPRegen 0.11/turn                o - +6 ring of strength

@: lethally poisoned (-1 -> -4), flying quickly and evasively, quick
A: beak, talons 3, nimble flight
a: no special abilities


You were on level 10 of the Dungeon.
You visited 1 branch of the dungeon, and saw 8 of its levels.

You collected 387 gold pieces.
You spent 99 gold pieces at shops.

Inventory:

Hand Weapons
 a - a +1 shortbow (weapon)
Armour
 g - a +0 cloak (worn)
 n - a +0 pair of gloves (worn)
 p - +1 steam dragon scales (worn)
Jewellery
 l - an amulet of reflection (around neck)
 m - a ring of protection from fire (left hand)
 o - a +6 ring of strength (right hand)
Wands
 r - a wand of flame (4)
Scrolls
 b - a scroll of immolation
 h - 2 scrolls of teleportation
 q - a scroll of fear
Potions
 c - a potion of berserk rage {unknown}
 d - a potion of lignification
 e - 2 potions of mutation {unknown}
 f - 2 potions of resistance
 i - a potion of invisibility
 j - a potion of haste {unknown}
 k - a potion of magic {unknown}
 s - a potion of brilliance {unknown}
 t - a potion of attraction {unknown}


   Skills:
 - Level 2.0 Fighting
 + Level 12.6 Ranged Weapons
 - Level 2.1 Dodging
 - Level 1.0 Stealth


You had 7 spell levels left.
You didn't know any spells.
Your spell library contained the following spells:

 Spells                   Type           Power      Damage    Failure   Level
 Blink                    Tloc           0%         N/A       52%         2
 Cigotuvi's Dreadful Rot  Necr/Pois/Air  0%         N/A       52%         2
 Poisonous Vapours        Pois/Air       0%         N/A       52%         2
 Gell's Gravitas          Tloc           0%         N/A       77%         3
 Lesser Beckoning         Tloc           0%         N/A       77%         3
 Mephitic Cloud           Conj/Pois/Air  0%         N/A       77%         3
 Teleport Other           Tloc           0%         N/A       77%         3
 Manifold Assault         Tloc           0%         N/A       99%         4
 Storm Form               Tmut/Air       0%         N/A       100%        7


Dungeon Overview and Level Annotations

Branches:
Dungeon (10/15)              Lair (0/5) D:10
 Temple: D:4-7          Orc: D:9-12

Altars:
Ashenzari
Cheibriados
Dithmenos
Nemelex Xobeh
Qazlal
Xom

Shops:
D:1 *

Annotations:
D:7 Joseph


Innate Abilities, Weirdness & Mutations

You have a beak for a mouth.
You have claws for feet.
Your magical nature lets you fly swiftly and evasively.


Message History

The two-headed ogre hits the plant with a +0 giant club!!
The two-headed ogre hits the plant with a +0 dire flail!!
The yak gores the plant!
The wyvern barely misses you.
Your surroundings suddenly seem different.
A kobold brigand, 2 kobolds and a hornet come into view.
The kobold brigand is wielding a +0 club and quivering poisoned darts.
A kobold is wielding a +0 antimagic dagger.
The kobold shouts!
The hornet buzzes angrily.
You shoot an arrow. The arrow barely misses the hornet.
You shoot an arrow. The arrow hits the hornet.
The hornet is lightly wounded.
The hornet stings you!
You are poisoned.
You suddenly lose the ability to move!
You feel very sick.
The hornet stings you but does no damage.
You feel sick.
The hornet stings you but does no damage.
The hornet stings you!
* * * LOW HITPOINT WARNING * * *
You feel yourself slow down.
You feel yourself speed up.
* * * LOW HITPOINT WARNING * * *
You feel sick. The hornet barely misses you.
You can move again.
Fire: a) +1 shortbow
Press: ? - help, Q - select action, (/) - cycle Shift-Dir - straight line, f/p - hornet
Aim: a hornet (lightly wounded, 59% to hit)
You shoot an arrow. The arrow misses the hornet.
* * * LOW HITPOINT WARNING * * *
You feel sick.
You hear a shout!
The hornet closely misses you. x2
Fire: a) +1 shortbow
Press: ? - help, Q - select action, (/) - cycle Shift-Dir - straight line, f/p - hornet
Aim: a hornet (lightly wounded, 59% to hit)
You shoot an arrow. The arrow hits the hornet!
The hornet is heavily wounded.
* * * LOW HITPOINT WARNING * * *
You feel sick. The hornet stings you.
You die...

....# ....#
....# ....#
....# ...
###.# ##K@.#
#.y###
##.######
....
#.......#
.P..
#.......#
....
.........#
.P..
###....y....
Y.P.
#.....K.##
....
#...K...#


You could see a hornet and a kobold.

Vanquished Creatures
  A steam dragon (D:5)
  A sky beast (D:6)
  An ice beast (D:10)
  A phantom (D:4)
  A kobold brigand (D:6)
  A bullfrog (D:6)
  A necrophage (D:4)
  2 scorpions
  7 wights
  A jelly (D:6)
  2 hounds
  3 orc priests
  3 iguanas
  2 orc wizards (D:6)
  3 gnolls (D:6)
  7 adders
  2 shadow imps
  A worm (D:5)
  3 dart slugs
  25 orcs
  7 endoplasms
  A giant cockroach (D:3)
  8 goblins
  7 hobgoblins
  3 jackals (D:1)
  10 kobolds
  3 quokkas
  8 ball pythons
  6 bats
  5 frilled lizards
  6 rats
132 creatures vanquished.

Vanquished Creatures (others)
  36 plants
36 creatures vanquished.

Grand Total: 168 creatures vanquished

Notes
Turn   | Place    | Note
-------+----------+-------------------------------------------
     0 | D:1      | HoaS the Tengu Hunter began the quest for the Orb.
     0 | D:1      | Reached XP level 1. HP: 12/12 MP: 2/2
   205 | D:1      | Reached XP level 2. HP: 17/17 MP: 3/3
   227 | D:1      | Reached skill level 5 in Ranged Weapons
   375 | D:1      | Found Onaihirgh's Assorted Antiques.
   779 | D:2      | Reached XP level 3. HP: 21/21 MP: 4/4
   978 | D:2      | Found a faded altar of an unknown god.
  1610 | D:3      | Reached skill level 6 in Ranged Weapons
  1618 | D:3      | Reached XP level 4. HP: 26/26 MP: 5/5
  1649 | D:3      | Found a broken altar of Ashenzari.
  1649 | D:3      | Found a sparkling altar of Nemelex Xobeh.
  1969 | D:3      | Found a shimmering altar of Xom.
  2005 | D:3      | Found a shadowy altar of Dithmenos.
  2284 | D:4      | Noticed a necrophage
  2285 | D:4      | Gained mutation: Your magical nature lets you fly swiftly
                  | and evasively. [Tengu growth]
  2285 | D:4      | Reached XP level 5. HP: 13/30 MP: 6/6
  2479 | D:4      | Noticed a phantom
  2489 | D:4      | Killed a phantom
  2490 | D:4      | Reached skill level 7 in Ranged Weapons
  2556 | D:4      | Reached XP level 6. HP: 35/35 MP: 7/7
  2599 | D:4      | Reached skill level 8 in Ranged Weapons
  3069 | D:1      | Bought a pair of gloves for 99 gold pieces
  3158 | D:5      | Entered Level 5 of the Dungeon
  3351 | D:5      | Reached skill level 9 in Ranged Weapons
  3351 | D:5      | Reached XP level 7. HP: 39/40 MP: 8/8
  3683 | D:5      | Found a snail-covered altar of Cheibriados.
  4027 | D:5      | Noticed a steam dragon
  4042 | D:5      | Killed a steam dragon
  4425 | D:6      | Reached skill level 10 in Ranged Weapons
  4683 | D:6      | Reached XP level 8. HP: 43/44 MP: 9/9
  4908 | D:6      | Reached skill level 11 in Ranged Weapons
  5238 | D:6      | Reached skill level 12 in Ranged Weapons
  5547 | D:6      | Found a stormy altar of Qazlal.
  5766 | D:7      | Noticed Joseph
  5809 | D:7      | You are sucked into a shaft and drop 3 floors!
  5809 | D:10     | Entered Level 10 of the Dungeon
  5833 | D:10     | Identified the +4 ring mail of Gravitas {rPois rN+ Str-4}
  5837 | D:10     | Found a staircase to the Lair.
  5837 | D:10     | Noticed a yak
  5837 | D:10     | Noticed a wyvern
  5837 | D:10     | Noticed a wyvern
  5837 | D:10     | Noticed a yak
  5837 | D:10     | Noticed a two-headed ogre
  5838 | D:10     | Noticed a wyvern
  5840 | D:10     | Noticed a yak
  5841 | D:10     | Noticed a troll
  5842 | D:10     | Noticed a yak
  5843 | D:10     | Noticed a hornet
  5848 | D:10     | Paralysed by a hornet for 3 turns
  5853 | D:10     | HP: 2/44 [poisoned by a hornet]
  5853 | D:10     | Slain by a hornet

Illustrated notes

Levels and vault maps discovered:
D:1:      roderic_crop_circles_arrival_small, layout_rooms, serial_shops,
          nicolae_shop_stone, kennysheep_boxes
D:2:      layout_loops_ring, dilly_ecumenical_altar_fadedgnrine,
          minmay_heptomino_w4
D:3:      layout_basic, mainiacjoe_overflow_large_starburst,
          mainiacjoe_overflow_paths, lemuel_round_altar
D:4:      layout_basic
D:5:      wad_crossroads, layout_loops_ring, cheibrodos_worm_habitat,
          nrook_mini_vaults
D:6:      layout_basic, lemuel_coloured_pillars_altar, grunt_ministairs_9
D:7:      layout_rooms, nicolae_gozag_cash_rules_everything_around_me,
          minmay_temple_entry_crystal_x, serial_shops, shop, minmay_shop_mayhem,
          uniq_joseph
D:10:     layout_roguey, chequers_temple_overflow_minitemple,
          minmay_lair_entry_grove, serial_ice, serial_ice_b, serial_ice_o,
          serial_ice_n, serial_ice_a, enter_bailey_5, uniq_grum

Skill      XL: |  1  2  3  4  5  6  7  8 |
---------------+-------------------------+-----
Ranged Weapons | 5 6 7 9 10 12 | 12.6
Fighting       | |  2.0
Dodging        | |  2.1
Stealth        | |  1.0

Action                   |  1- 3 |  4- 6 |  7- 9 || total
-------------------------+-------+-------+-------++-------
Melee: Unarmed           |       |       |     5 ||     5
 Fire: Shortbow          |   214 |   114 |   222 ||   550
  Use: Scroll            |     7 |     5 |     2 ||    14
       Potion            |       |       |     4 ||     4
Armor: Leather armour    |    15 |     5 |     7 ||    27
       Steam dragon scal |       |       |    23 ||    23
       Skin              |       |       |     4 ||     4
Dodge: Dodged            |    44 |    44 |    58 ||   146
Block: Other             |       |       |    16 ||    16

Table legend: (Time is in decaauts)
 A = Elapsed time spent in this place.
 B = Non-inter-level travel time spent in this place.
 C = Inter-level travel time spent in this place.
 D = Time resting spent in this place.
 E = Time spent auto-exploring this place.
 F = Levels seen in this place.
 G = Mean time per level.
                   A        B        C        D        E       F      G
               +--------+--------+--------+--------+--------+-----+--------+
         Total |   5697 |   5162 |    535 |    991 |   3104 |   8 |  712.1 |
       Dungeon |   5697 |   5162 |    535 |    991 |   3104 |   8 |  712.1 |
               +--------+--------+--------+--------+--------+-----+--------+

Top non-repeatable levels by time:
     D:5: 1331 daAuts
     D:6: 1042 daAuts
     D:3: 946 daAuts
     D:1: 900 daAuts
     D:2: 828 daAuts
     D:4: 596 daAuts
    D:10: 39 daAuts
     D:7: 11 daAuts
